[Event "Titled Tuesday Blitz January 31 Early 2023"]
[White "Burdalev, Kirill"]
[Black "Fernandez Hernandez, Gerardo"]
[WhiteFideId "14121913"]
[BlackFideId "2207400"]
[WhiteElo "2368"]
[BlackElo "2181"]
[Result "0-1"]
[Round "09"]
[TimeControl "180+2"]
[Date "2023.01.31"]
[WhiteClock "0:00:54"]
[BlackClock "0:00:53"]

1. e4 e6 2. d4 d5 3. e5 c5 4. c3 Nc6 5. Nf3 Qb6 6. a3 f6 7. Bd3 fxe5 8. Nxe5 Nf6 9. O-O cxd4 10. Nxc6 bxc6 11. cxd4 Bd6 12. Nc3 Qxd4 13. Bg6+ hxg6 14. Qxd4 Bxh2+ 15. Kh1 Be5+ 16. Kg1 Bxd4 17. Be3 Bxe3 18. fxe3 Ba6 19. Rfc1 O-O-O 20. Na4 Bc4 21. Nc5 e5 22. b3 Be2 23. Ra2 Bg4 24. Nd3 Kb7 25. Nxe5 Rc8 26. Nxg6 Rh6 27. Ne5 Be6 28. Rac2 Ng4 29. Nxc6 Rch8 30. Na5+ Kb8 31. Nc6+ Ka8 32. g3 Rh1+ 33. Kg2 Nxe3+ 34. Kf2 Nxc2 35. Rxc2 R1h2+ 0-1


[Site "https://www.chess.com"]

[Event "Titled Tuesday Blitz January 31 Early 2023"]
[White "Jobava, Baadur"]
[Black "Babazada, Khazar"]
[WhiteFideId "13601520"]
[BlackFideId "13413554"]
[WhiteElo "2578"]
[BlackElo "2474"]
[Result "1/2-1/2"]
[Round "10"]
[TimeControl "180+2"]
[Date "2023.01.31"]
[WhiteClock "0:00:04"]
[BlackClock "0:00:04"]

1. b3 c5 2. Bb2 Nc6 3. c4 Nf6 4. Nf3 e6 5. e3 d5 6. cxd5 exd5 7. d4 Be6 8. Be2 cxd4 9. Nxd4 Bb4+ 10. Bc3 Qa5 11. Qd2 Ne4 12. Nxc6 Qb6 13. Nxb4 Nxd2 14. Bxd2 O-O 15. Nc2 Bf5 16. Nd4 Bxb1 17. Rxb1 Rfc8 18. O-O a6 19. Rbc1 Qd6 20. b4 g6 21. g3 Qd7 22. Bf3 Rc4 23. Be2 Rac8 24. Bxc4 Rxc4 25. Kg2 Qa4 26. Ra1 h5 27. h4 Qa3 28. Rfd1 Qd3 29. Be1 Qe4+ 30. Kg1 g5 31. hxg5 h4 32. gxh4 Qg4+ 33. Kf1 Qh3+ 34. Ke2 Qg4+ 35. f3 Qg2+ 36. Bf2 Rxb4 37. Rdb1 Rxb1 38. Rxb1 Qh3 39. Rxb7 Qc8 40. Rb3 Qc4+ 41. Kd2 a5 42. Rb2 Qf1 43. Be1 a4 44. Rc2 Qg2+ 45. Kd3 Qf1+ 46. Re2 Qh3 47. f4 Qc8 48. Rc2 Qa6+ 49. Kd2 Qf1 50. f5 Qg2+ 51. Kc3 Qe4 52. Re2 Qb1 53. h5 Qc1+ 54. Kd3 Qc4+ 55. Kd2 Qxa2+ 56. Kc3 Qa1+ 57. Kc2 a3 58. Kb3 a2 59. Rxa2 Qxe1 60. Ra8+ Kg7 61. f6+ Kh7 62. g6+ fxg6 63. Ra7+ Kh6 64. f7 Qxe3+ 65. Kc2 Qf2+ 66. Kd3 gxh5 67. Ne6 Qf5+ 68. Kd4 Qe4+ 69. Kc5 Qe3+ 70. Kd6 Qb6+ 71. Ke5 Qe3+ 72. Kf6 Qf2+ 73. Ke5 Qe3+ 74. Kxd5 Qb3+ 75. Ke5 Qe3+ 76. Kf5 Qf2+ 77. Nf4 Qc5+ 78. Ke4 Qc4+ 79. Ke5 Qc5+ 80. Ke6 Qc6+ 81. Ke7 Qc5+ 82. Ke6 Qc6+ 83. Ke5 Qc5+ 84. Ke6 1/2-1/2


[Site "https://www.chess.com"]

[Event "Titled Tuesday Blitz January 31 Early 2023"]
[White "Hakobyan, Aram"]
[Black "Nakamura, Hikaru"]
[WhiteFideId "13306677"]
[BlackFideId "2016192"]
[WhiteElo "2608"]
[BlackElo "2775"]
[Result "0-1"]
[Round "10"]
[TimeControl "180+2"]
[Date "2023.01.31"]
[WhiteClock "0:00:03"]
[BlackClock "0:00:15"]

1. e4 e5 2. Nf3 Nc6 3. Bb5 a6 4. Ba4 d6 5. c3 Bd7 6. O-O g6 7. d4 Bg7 8. d5 Nce7 9. Bxd7+ Qxd7 10. c4 h6 11. Nc3 f5 12. Ne1 Nf6 13. f3 c6 14. Nd3 cxd5 15. cxd5 Rc8 16. a4 O-O 17. Qb3 Kh8 18. Be3 f4 19. Bf2 g5 20. a5 g4 21. Qa4 Qc7 22. Bb6 Qb8 23. Rac1 Ng6 24. Ne2 Nh4 25. Kh1 Rxc1 26. Nexc1 Qc8 27. Qd1 Rg8 28. Bf2 Ng6 29. Ne2 Bf8 30. Ng1 g3 31. hxg3 fxg3 32. Bxg3 Nh5 33. Bh2 Qd8 34. g4 Nhf4 35. Nxf4 exf4 36. Ne2 Qh4 37. Qe1 Qg5 38. Nd4 Bg7 39. Ne6 Qf6 40. Nxg7 Rxg7 41. Qd2 Kh7 42. Rc1 Qh4 43. Rf1 Rf7 44. b4 Ne5 45. Kg1 h5 46. gxh5 Qh3 47. Qe2 Qxh5 48. Kh1 Rg7 49. Qf2 Qh3 50. Qe2 Rg3 51. b5 Nxf3 52. bxa6 bxa6 53. Rc1 Rg6 54. e5 dxe5 55. d6 Nxh2 56. Qxh2 Qxh2+ 57. Kxh2 Rxd6 58. Rc5 Re6 59. Kg2 Kg6 60. Kf3 Kf5 61. Rd5 Rc6 62. Rd8 e4+ 63. Ke2 Ke5 64. Ra8 Rf6 65. Re8+ Kd4 66. Rd8+ Kc3 67. Rc8+ Kb4 68. Re8 e3 69. Kf3 Kxa5 70. Re4 Kb5 71. Re6 Rxe6 0-1


[Site "https://www.chess.com"]

[Event "Titled Tuesday Blitz January 31 Early 2023"]
[White "So, Wesley"]
[Black "Shimanov, Aleksandr"]
[WhiteFideId "5202213"]
[BlackFideId "4198603"]
[WhiteElo "2760"]
[BlackElo "2581"]
[Result "1-0"]
[Round "10"]
[TimeControl "180+2"]
[Date "2023.01.31"]
[WhiteClock "0:00:59"]
[BlackClock "0:00:42"]

1. e4 d5 2. exd5 Qxd5 3. Nc3 Qe5+ 4. Be2 Bg4 5. d4 Bxe2 6. Ngxe2 Qa5 7. O-O Nf6 8. b4 Qh5 9. Qd3 e6 10. Ng3 Qg6 11. Qb5+ Nbd7 12. Qxb7 Rb8 13. Qxc7 Bxb4 14. Nce2 O-O 15. Nf4 Qg4 16. h3 Qh4 17. Nge2 Rbc8 18. Qxa7 Rxc2 19. Qa4 Rxe2 20. g3 Qh6 21. Nxe2 Qxh3 22. Nf4 Qg4 23. Qxb4 e5 24. Ng2 Qh3 25. f3 Qxg3 26. dxe5 Nd5 27. Qd4 1-0


[Site "https://www.chess.com"]

[Event "Titled Tuesday Blitz January 31 Early 2023"]
[White "Bacrot, Etienne"]
[Black "Caruana, Fabiano"]
[WhiteFideId "605506"]
[BlackFideId "2020009"]
[WhiteElo "2667"]
[BlackElo "2764"]
[Result "0-1"]
[Round "10"]
[TimeControl "180+2"]
[Date "2023.01.31"]
[WhiteClock "0:00:03"]
[BlackClock "0:00:18"]

1. e4 c5 2. Nf3 Nc6 3. Bb5 e6 4. O-O Nge7 5. Re1 a6 6. Bf1 Ng6 7. c3 Be7 8. d4 cxd4 9. cxd4 d5 10. Nc3 O-O 11. exd5 exd5 12. g3 Be6 13. Bg2 h6 14. a3 Re8 15. h4 Rc8 16. Qd3 Bf6 17. h5 Nge7 18. Ne5 Nf5 19. Nxf7 Bxf7 20. Rxe8+ Qxe8 21. Qxf5 Nxd4 22. Qd3 Qe1+ 23. Kh2 Qxf2 24. Bf4 Qxb2 25. Rc1 Bxh5 26. Nxd5 Nf3+ 27. Kh3 Rxc1 28. Bxc1 Ng1+ 29. Kh2 Qxc1 30. Nxf6+ gxf6 31. Qd5+ Bf7 32. Qxb7 Ne2 33. Qa7 Kg7 34. Bd5 Qg1+ 35. Qxg1 Nxg1 36. Bxf7 Kxf7 37. Kxg1 Ke6 38. Kf2 Kf5 39. Kf3 h5 40. a4 a5 41. Kf2 Ke4 42. Kg2 Ke3 43. Kh3 f5 44. Kh4 Kf2 45. Kh3 Kg1 46. g4 hxg4+ 47. Kg3 Kf1 0-1


[Site "https://www.chess.com"]

[Event "Titled Tuesday Blitz January 31 Early 2023"]
[White "Pranav, V"]
[Black "Svidler, Peter"]
[WhiteFideId "25060783"]
[BlackFideId "4102142"]
[WhiteElo "2597"]
[BlackElo "2683"]
[Result "1/2-1/2"]
[Round "10"]
[TimeControl "180+2"]
[Date "2023.01.31"]
[WhiteClock "0:00:13"]
[BlackClock "0:00:20"]

1. e4 c5 2. Nf3 e6 3. d4 cxd4 4. Nxd4 a6 5. Nc3 Qc7 6. Bd3 b5 7. O-O Nc6 8. Nxc6 dxc6 9. f4 c5 10. e5 Bb7 11. Be4 Ne7 12. Qf3 Rb8 13. Be3 Nf5 14. Bf2 h5 15. Rad1 Be7 16. Bxb7 Qxb7 17. Ne4 c4 18. Rfe1 g6 19. g3 Kf8 20. h3 Kg7 21. Kg2 Rbd8 22. b3 cxb3 23. cxb3 Rxd1 24. Rxd1 Rd8 25. Rxd8 Bxd8 26. g4 hxg4 27. hxg4 Nh4+ 28. Bxh4 Bxh4 29. g5 Be1 30. Nd6 Qxf3+ 31. Kxf3 Kf8 32. Ke4 Ke7 33. a4 bxa4 34. bxa4 Bb4 35. Nc4 Kd7 36. Ne3 Bd2 37. Ng4 Bc1 38. Nf2 Bd2 39. Nd3 Kc6 40. Kd4 Kb6 41. Kc4 Kc6 42. Kd4 Kb6 43. Kc4 1/2-1/2


[Site "https://www.chess.com"]

[Event "Titled Tuesday Blitz January 31 Early 2023"]
[White "Bortnyk, Olexandr"]
[Black "Vokhidov, Shamsiddin"]
[WhiteFideId "14120828"]
[BlackFideId "14204223"]
[WhiteElo "2605"]
[BlackElo "2586"]
[Result "1-0"]
[Round "10"]
[TimeControl "180+2"]
[Date "2023.01.31"]
[WhiteClock "0:01:26"]
[BlackClock "0:00:48"]

1. d4 e5 2. dxe5 Nc6 3. Nf3 d6 4. Bf4 Bg4 5. exd6 Qf6 6. g3 Qxb2 7. Nbd2 O-O-O 8. dxc7 Rd7 9. Bg2 Bb4 10. O-O Nf6 11. Rb1 Qa3 12. Rb3 Qa5 13. Qb1 Bxd2 14. Nxd2 Rxd2 15. Rxb7 Rd5 16. Rb8+ 1-0


[Site "https://www.chess.com"]

[Event "Titled Tuesday Blitz January 31 Early 2023"]
[White "Drygalov, Sergey"]
[Black "Deac, Bogdan-Daniel"]
[WhiteFideId "24171743"]
[BlackFideId "1226380"]
[WhiteElo "2547"]
[BlackElo "2700"]
[Result "1-0"]
[Round "10"]
[TimeControl "180+2"]
[Date "2023.01.31"]
[WhiteClock "0:00:05"]
[BlackClock "0:00:01"]

1. d4 Nf6 2. c4 e6 3. Nf3 d5 4. Nc3 a6 5. cxd5 exd5 6. Bg5 Be6 7. e3 Nbd7 8. Bd3 h6 9. Bh4 Bd6 10. Qc2 c6 11. O-O O-O 12. Nd2 Re8 13. f4 Nb6 14. Nf3 c5 15. Ne5 cxd4 16. exd4 Be7 17. Rae1 Rc8 18. Kh1 Nc4 19. Qe2 b5 20. Bxf6 Bxf6 21. Qh5 Nxb2 22. f5 Nxd3 23. fxe6 fxe6 24. Qf7+ Kh8 25. Nxd3 Rxc3 26. Nf4 Rc7 27. Qh5 Rc6 28. Nxd5 Bxd4 29. Nf4 e5 30. Qf7 Kh7 31. Qf5+ Kg8 32. Ng6 Rf6 33. Qe4 Ree6 34. Nh4 Rxf1+ 35. Rxf1 Rf6 36. Nf5 Qf8 37. g4 Kh8 38. Rc1 Qg8 39. Nh4 g5 40. Nf5 Rf8 41. Rc7 Qxa2 42. Ng3 Qg8 43. Rc6 1-0


[Site "https://www.chess.com"]

[Event "Titled Tuesday Blitz January 31 Early 2023"]
[White "Kamsky, Gata"]
[Black "Sanal, Vahap"]
[WhiteFideId "2000024"]
[BlackFideId "6300545"]
[WhiteElo "2665"]
[BlackElo "2600"]
[Result "1/2-1/2"]
[Round "10"]
[TimeControl "180+2"]
[Date "2023.01.31"]
[WhiteClock "0:00:31"]
[BlackClock "0:00:03"]

1. e4 c5 2. Nf3 d6 3. d4 cxd4 4. Nxd4 Nf6 5. Nc3 Nc6 6. Be2 e5 7. Nf3 Be7 8. O-O O-O 9. h3 Bd7 10. Re1 Rc8 11. Bf1 Nb4 12. a3 Na6 13. Nb5 Bxb5 14. Bxb5 Nc5 15. Nd2 a6 16. Bf1 b5 17. c3 d5 18. exd5 Qxd5 19. c4 bxc4 20. Nxc4 Qxd1 21. Rxd1 Nb3 22. Rb1 Bc5 23. Nxe5 Ne4 24. Nd3 Ba7 25. Be2 Rc2 26. Bf3 Nxf2 27. Nxf2 Rxf2 28. Kh1 Nxc1 29. Rdxc1 Re8 30. Rf1 Rd2 31. b4 g6 32. a4 h5 33. b5 axb5 34. Rxb5 Rf2 35. Rbb1 Rd2 36. Rbd1 Red8 37. Rxd2 Rxd2 38. a5 h4 39. a6 Kg7 40. Bb7 f5 41. Bc8 Kf6 42. Kh2 Ra2 43. Kh1 Kg5 44. Kh2 Rb2 45. Kh1 Rc2 46. Bd7 Kf6 47. Kh2 Rd2 48. Bc8 Kg7 49. Kh1 Kh6 50. Kh2 Rc2 51. Bb7 Be3 52. Kh1 Kg5 53. Re1 Bf2 54. Ra1 Rc7 55. Rf1 Ba7 56. Kh2 Re7 57. Kh1 Re3 58. Kh2 Ra3 59. Kh1 Bb8 60. Kg1 Bf4 61. Kh1 Bg3 62. Kg1 Kf6 63. Kh1 Be5 64. Kg1 Bd4+ 65. Kh1 Ke5 66. Kh2 Be3 67. Kh1 f4 68. Kh2 Kf6 69. Kh1 Kg5 70. Kh2 Ra2 71. Kh1 Ba7 72. Kh2 Bb8 73. Kh1 Kf6 74. Rb1 Ba7 75. Rf1 Kg5 76. Rb1 Rc2 77. Rf1 Bb8 78. Rb1 Ba7 79. Rf1 Be3 80. Ra1 Ba7 81. Rf1 1/2-1/2


[Site "https://www.chess.com"]

[Event "Titled Tuesday Blitz January 31 Early 2023"]
[White "Begmuratov, Khumoyun"]
[Black "Ter-Sahakyan, Samvel"]
[WhiteFideId "14210207"]
[BlackFideId "13302531"]
[WhiteElo "2387"]
[BlackElo "2617"]
[Result "1-0"]
[Round "10"]
[TimeControl "180+2"]
[Date "2023.01.31"]
[WhiteClock "0:00:59"]
[BlackClock "0:00:02"]

1. e4 c5 2. Nc3 d6 3. Bb5+ Bd7 4. Bxd7+ Qxd7 5. Nge2 Nc6 6. d3 g6 7. O-O Bg7 8. Be3 Nf6 9. h3 b6 10. d4 cxd4 11. Nxd4 O-O 12. Qd2 Rac8 13. a4 Qb7 14. Nxc6 Rxc6 15. f3 Rfc8 16. Qf2 Rc4 17. Rfd1 h5 18. Bd4 Rb4 19. Rab1 Rbc4 20. Rd2 a6 21. g4 b5 22. axb5 axb5 23. g5 Nd7 24. Bxg7 Kxg7 25. Nd5 e6 26. Ne3 R4c6 27. Rbd1 Qb6 28. f4 Qc5 29. Kh2 Nb6 30. b3 d5 31. Qf3 b4 32. Kh1 Qe7 33. f5 exf5 34. exf5 Qxg5 35. Rg2 Qf6 36. Qxh5 Rh8 37. Qf3 Qh4 38. Kh2 Qh5 39. Qg3 Rf6 40. Rd4 Re8 41. Rxb4 Re4 42. Rxe4 dxe4 43. Qe5 Nd7 44. Qxe4 Nf8 45. Qd4 1-0


[Site "https://www.chess.com"]

[Event "Titled Tuesday Blitz January 31 Early 2023"]
[White "Samunenkov, Ihor"]
[Black "Andreikin, Dmitry"]
[WhiteFideId "14187086"]
[BlackFideId "4158814"]
[WhiteElo "2501"]
[BlackElo "2729"]
[Result "0-1"]
[Round "10"]
[TimeControl "180+2"]
[Date "2023.01.31"]
[WhiteClock "0:00:09"]
[BlackClock "0:01:25"]

1. d4 Nf6 2. c4 e6 3. Nc3 d5 4. cxd5 exd5 5. Bg5 c6 6. Qc2 h6 7. Bh4 Na6 8. a3 Be7 9. e3 Qa5 10. Nf3 g5 11. Bg3 Ne4 12. Bxa6 Nxc3 13. Bd3 Ne4+ 14. Ke2 Bg4 15. b4 Qb6 16. Bxe4 dxe4 17. Qxe4 f5 18. Qe6 c5 19. Qxb6 axb6 20. Rhc1 f4 21. exf4 O-O 22. fxg5 Bxg5 23. Rd1 c4 24. Be5 c3 25. Kd3 Rac8 26. Kc2 Bf5+ 27. Kb3 Be6+ 28. Kc2 Bf5+ 29. Kb3 c2 30. Rdc1 Bxc1 31. Rxc1 Be4 32. Nd2 Bd5+ 33. Kb2 Rxf2 34. Rxc2 Rxc2+ 35. Kxc2 Rxg2 36. Kd3 b5 37. Bg3 Kf7 38. Kc3 Ke6 39. Nb3 Bxb3 40. Kxb3 Kd5 41. Be5 Rf2 42. Kc3 Rf3+ 43. Kc2 Rxa3 0-1


[Site "https://www.chess.com"]

[Event "Titled Tuesday Blitz January 31 Early 2023"]
[White "Le, Tuan Minh"]
[Black "Baskakov, Egor"]
[WhiteFideId "12401153"]
[BlackFideId "24197866"]
[WhiteElo "2542"]
[BlackElo "2215"]
[Result "1-0"]
[Round "10"]
[TimeControl "180+2"]
[Date "2023.01.31"]
[WhiteClock "0:01:08"]
[BlackClock "0:01:54"]

1. d4 Nf6 2. Nf3 e6 3. Bf4 d5 4. e3 Bd6 5. Bg3 O-O 6. c4 Ne4 7. Nc3 c6 8. Qb3 Nxg3 9. hxg3 f5 10. Bd3 g6 11. O-O-O Qb6 12. Qc2 Qa5 13. g4 Na6 14. a3 Bd7 15. gxf5 exf5 16. Qb3 Rf7 17. Ng5 Re7 18. c5 Bc7 19. Nxd5 cxd5 20. Qxd5+ Kg7 21. Rxh7+ Kf6 22. Rxe7 Kxe7 23. Rh1 1-0


[Site "https://www.chess.com"]

[Event "Titled Tuesday Blitz January 31 Early 2023"]
[White "Bluebaum, Matthias"]
[Black "Ozen, Bahadir"]
[WhiteFideId "24651516"]
[BlackFideId "6337058"]
[WhiteElo "2669"]
[BlackElo "2369"]
[Result "1-0"]
[Round "10"]
[TimeControl "180+2"]
[Date "2023.01.31"]
[WhiteClock "0:01:28"]
[BlackClock "0:01:18"]

1. d4 d6 2. Nf3 Nf6 3. c4 Nbd7 4. Nc3 c6 5. Bg5 h6 6. Bh4 g5 7. Bg3 Nh5 8. e3 Bg7 9. Be2 a6 10. a4 a5 11. Qc2 Nxg3 12. hxg3 e6 13. O-O-O Qe7 14. Kb1 Ra7 15. e4 g4 16. Nh4 h5 17. f3 Ra6 18. c5 dxc5 19. Bxa6 cxd4 20. Ne2 d3 21. Bxd3 Qb4 22. f4 Nc5 23. e5 Nxa4 24. Nc3 Nc5 25. Ne4 Nxe4 26. Bxe4 Bf8 27. Bxc6+ 1-0


[Site "https://www.chess.com"]

[Event "Titled Tuesday Blitz January 31 Early 2023"]
[White "Urazayev, Arystanbek"]
[Black "Kozak, Adam"]
[WhiteFideId "13709810"]
[BlackFideId "753246"]
[WhiteElo "2460"]
[BlackElo "2572"]
[Result "1-0"]
[Round "10"]
[TimeControl "180+2"]
[Date "2023.01.31"]
[WhiteClock "0:00:51"]
[BlackClock "0:00:10"]

1. d4 Nf6 2. c4 e6 3. Nc3 Bb4 4. Nf3 b6 5. e3 Ne4 6. Qc2 Bb7 7. Bd3 Bxc3+ 8. bxc3 f5 9. Nd2 Nxd2 10. Qxd2 O-O 11. O-O Qh4 12. f3 d6 13. c5 Nd7 14. cxd6 cxd6 15. Ba3 Qe7 16. e4 fxe4 17. fxe4 e5 18. Bb5 Nf6 19. dxe5 Qxe5 20. Bxd6 Qxb5 21. Bxf8 Rxf8 22. Qd6 Bxe4 23. Qe6+ Kh8 24. Qxe4 Qc5+ 25. Qd4 Qc6 26. a4 h6 27. a5 Rc8 28. axb6 axb6 29. Rab1 Qxc3 30. Qxc3 Rxc3 31. Rxb6 Kh7 32. h3 Rc7 33. Rfb1 Rc3 34. Rb7 Nh5 35. R1b5 Nf6 36. Rb3 Rc2 37. Rf3 Rc6 38. Kh2 Re6 39. Rg3 Nh5 40. Rg4 Re8 41. Ra4 Re2 42. Raa7 Kg6 43. Kg1 Kf6 44. Rb6+ Kg5 45. Ra5+ Kh4 46. Rb4+ Kg3 47. Rg4# 1-0


[Site "https://www.chess.com"]

[Event "Titled Tuesday Blitz January 31 Early 2023"]
[White "Fier, Alexandr"]
[Black "Rasulov, Vugar"]
[WhiteFideId "2107139"]
[BlackFideId "13402390"]
[WhiteElo "2589"]
[BlackElo "2523"]
[Result "0-1"]
[Round "10"]
[TimeControl "180+2"]
[Date "2023.01.31"]
[WhiteClock "0:02:14"]
[BlackClock "0:01:48"]

1. d4 Nf6 2. c4 e6 3. Nc3 Bb4 4. e3 O-O 5. Ne2 d5 6. a3 Be7 7. Ng3 c5 8. dxc5 Bxc5 9. b4 Bd6 10. Bb2 Nc6 11. cxd5 exd5 12. Be2 Be5 13. O-O d4 14. exd4 Nxd4 15. Bd3 Bg4 16. f3 Be6 17. f4 Bc7 18. Nce4 Ng4 19. Ng5 Bxf4 20. Rxf4 Qxg5 21. Rxd4 Qe3+ 0-1


[Site "https://www.chess.com"]

[Event "Titled Tuesday Blitz January 31 Early 2023"]
[White "Pakleza, Zbigniew"]
[Black "Dominguez Perez, Leinier"]
[WhiteFideId "1119290"]
[BlackFideId "3503240"]
[WhiteElo "2494"]
[BlackElo "2739"]
[Result "0-1"]
[Round "10"]
[TimeControl "180+2"]
[Date "2023.01.31"]
[WhiteClock "0:00:08"]
[BlackClock "0:00:18"]

1. d4 d5 2. Bf4 Bf5 3. e3 c6 4. Nf3 Nf6 5. c4 e6 6. Nc3 Be7 7. Qb3 Qc8 8. h3 h6 9. Rc1 O-O 10. Be2 Nbd7 11. O-O a5 12. a3 dxc4 13. Bxc4 b5 14. Be2 Qb7 15. Ne5 a4 16. Nxa4 Nxe5 17. dxe5 Ne4 18. Nc3 Nd2 19. Qd1 Nxf1 20. Qxf1 b4 21. axb4 Qxb4 22. Bf3 Rfc8 23. Ne2 Qxb2 24. Nd4 Bd3 25. Qd1 Ra2 26. Nxc6 Rxc6 27. Bxc6 Ba3 28. Rc5 Ra1 29. Kh2 Rxd1 30. Ra5 Bf8 0-1


[Site "https://www.chess.com"]

[Event "Titled Tuesday Blitz January 31 Early 2023"]
[White "Postny, Evgeny"]
[Black "Svane, Rasmus"]
[WhiteFideId "2804344"]
[BlackFideId "4657101"]
[WhiteElo "2549"]
[BlackElo "2623"]
[Result "0-1"]
[Round "10"]
[TimeControl "180+2"]
[Date "2023.01.31"]
[WhiteClock "0:00:05"]
[BlackClock "0:00:13"]

1. e4 c6 2. d4 d5 3. e5 Bf5 4. Nf3 e6 5. Be2 Ne7 6. c3 Nd7 7. O-O Ng6 8. a4 f6 9. Bd3 Bxd3 10. Qxd3 fxe5 11. Nxe5 Ndxe5 12. dxe5 Nxe5 13. Qe2 Qf6 14. Re1 Bc5 15. b4 Bd6 16. f4 Nc4 17. Qxe6+ Qxe6 18. Rxe6+ Kd7 19. Re2 Rae8 20. Raa2 a5 21. bxa5 Nxa5 22. Na3 Rxe2 23. Rxe2 Ra8 24. f5 Nb3 25. Bb2 Rxa4 26. Nc2 Ra2 27. Nb4 Bxb4 28. cxb4 d4 29. Rf2 d3 30. Bxg7 d2 31. Rf1 Rc2 32. Bh6 Rc1 33. Bxd2 Rxf1+ 34. Kxf1 Nxd2+ 35. Ke2 Ne4 36. Kd3 Nf6 37. h3 h5 38. Ke3 Nd5+ 39. Kd4 Nxb4 40. g4 h4 41. g5 Nd5 42. Ke5 Ke7 43. f6+ Kf7 44. Kf5 Nxf6 45. gxf6 b5 46. Ke5 b4 0-1


[Site "https://www.chess.com"]

[Event "Titled Tuesday Blitz January 31 Early 2023"]
[White "Mosadeghpour, Masoud"]
[Black "Salimova, Nurgyul"]
[WhiteFideId "12519278"]
[BlackFideId "2915138"]
[WhiteElo "2472"]
[BlackElo "2391"]
[Result "0-1"]
[Round "10"]
[TimeControl "180+2"]
[Date "2023.01.31"]
[WhiteClock "0:00:10"]
[BlackClock "0:00:08"]

1. e4 e5 2. Nf3 Nc6 3. Nc3 Nf6 4. g3 Bc5 5. Bg2 d6 6. d3 a5 7. Be3 O-O 8. h3 Re8 9. O-O h6 10. Qd2 Be6 11. Rad1 Qd7 12. Kh2 Rad8 13. d4 exd4 14. Nxd4 Nxd4 15. Bxd4 Bxd4 16. Qxd4 b5 17. a3 c5 18. Qd2 b4 19. axb4 axb4 20. Nd5 Bxd5 21. exd5 Re7 22. Rfe1 Rde8 23. Rxe7 Qxe7 24. Qf4 g5 25. Qf5 Kg7 26. Bf3 Qa7 27. h4 Re5 28. Qd3 g4 29. Bg2 Qe7 30. Rd2 Re1 31. c3 bxc3 32. bxc3 Qe5 33. c4 Nd7 34. Rd1 Rxd1 35. Qxd1 Qf5 36. Qe2 Ne5 37. Be4 Qf6 38. Kg2 Qd8 39. Bc2 Qf6 40. Be4 Kf8 41. Qa2 Nd7 42. Qa8+ Kg7 43. Qc8 Ne5 44. Qa6 Qe7 45. Qa2 Nd7 46. Bb1 Nf6 47. Qb2 Qe1 48. Bf5 Qd1 49. Qc3 Qe2 50. Kg1 Qd1+ 51. Kg2 Qe2 52. Kg1 Qd1+ 53. Kh2 Qe2 54. Kg2 Qd1 55. Bc2 Qe2 56. Bf5 Qd1 57. h5 Qe2 58. Kg1 Qd1+ 59. Kh2 Qe2 60. Kg2 Qd1 61. Qe3 Qd4 62. Qxd4 cxd4 63. Kf1 Kf8 64. Ke2 Nxh5 65. Bxg4 Nf6 66. Bf5 Ke7 67. Kd3 Ne8 68. Kxd4 Kf6 69. Bd3 Nc7 70. Be2 Ne8 71. Bd1 Nc7 72. Ba4 Na6 73. Bd1 Nc5 74. Bc2 Na6 75. Ke3 Nc5 76. f4 Na6 77. g4 Nb4 78. Kd4 Nxc2+ 79. Kc3 Ne3 80. g5+ hxg5 81. fxg5+ Kxg5 82. Kd4 Nxc4 83. Kxc4 Kf5 84. Kd4 Kf4 0-1


[Site "https://www.chess.com"]

[Event "Titled Tuesday Blitz January 31 Early 2023"]
[White "Grandelius, Nils"]
[Black "Bosnjak, Petar"]
[WhiteFideId "1710400"]
[BlackFideId "14532581"]
[WhiteElo "2664"]
[BlackElo "2337"]
[Result "1-0"]
[Round "10"]
[TimeControl "180+2"]
[Date "2023.01.31"]
[WhiteClock "0:00:09"]
[BlackClock "0:00:09"]

1. Nf3 d5 2. g3 Nf6 3. Bg2 c6 4. O-O Bg4 5. h3 Bh5 6. c4 e6 7. d4 Be7 8. Ne5 Nbd7 9. Nc3 O-O 10. cxd5 cxd5 11. Qb3 Qb6 12. Qxb6 Nxb6 13. Bf4 Rfc8 14. g4 Bg6 15. h4 h6 16. Nxg6 fxg6 17. Bf3 Nc4 18. b3 Nd6 19. Rac1 Kf7 20. e3 Nde4 21. Nxe4 Nxe4 22. Bxe4 dxe4 23. Bg3 Ba3 24. Rcd1 Rc2 25. d5 exd5 26. Rxd5 Re8 27. Rfd1 Re7 28. R1d4 Rxa2 29. Ra4 Ra1+ 30. Kg2 Bb2 31. Rxa1 Bxa1 32. Ra5 Bf6 33. Rxa7 Ke6 34. Ra4 Kd5 35. g5 hxg5 36. hxg5 Bb2 37. Ra5+ Kc6 38. Bf4 b6 39. Ra2 Be5 40. Kg3 Kc5 41. Ra4 b5 42. Rxe4 Bxf4+ 43. Rxf4 Re5 44. b4+ Kd5 45. Rd4+ Kc6 46. Kg4 Re8 47. e4 Ra8 48. e5 Ra2 49. f4 Rc2 50. Rd6+ Kc7 51. Rxg6 Rc4 52. Rxg7+ Kc6 53. Rg6+ Kd5 54. Rd6+ Ke4 55. e6 1-0


[Site "https://www.chess.com"]

[Event "Titled Tuesday Blitz January 31 Early 2023"]
[White "Zhu, Jiner"]
[Black "Oparin, Grigoriy"]
[WhiteFideId "8608059"]
[BlackFideId "24125890"]
[WhiteElo "2507"]
[BlackElo "2667"]
[Result "0-1"]
[Round "10"]
[TimeControl "180+2"]
[Date "2023.01.31"]
[WhiteClock "0:00:32"]
[BlackClock "0:00:17"]

1. e4 e5 2. Nf3 Nc6 3. Bc4 Nf6 4. O-O Nxe4 5. Bd5 Nf6 6. Bxc6 dxc6 7. Nxe5 Bd6 8. d4 O-O 9. Re1 h6 10. Nd2 Bf5 11. Ndc4 Re8 12. c3 Bf8 13. Bf4 Be6 14. Bg3 c5 15. dxc5 Bxc5 16. Qc2 Qc8 17. Rad1 a5 18. h3 a4 19. b4 axb3 20. axb3 b5 21. b4 Bxf2+ 22. Qxf2 bxc4 23. Qc5 Ra2 24. Nf3 Qa8 25. Rd2 Rxd2 26. Nxd2 Bd5 27. Rxe8+ Qxe8 28. Nf1 Qe2 29. Ne3 Ne4 30. Qxd5 Qxe3+ 0-1


[Site "https://www.chess.com"]

[Event "Titled Tuesday Blitz January 31 Early 2023"]
[White "Sarana, Alexey"]
[Black "Nouri, Alekhine"]
[WhiteFideId "24133795"]
[BlackFideId "5216184"]
[WhiteElo "2685"]
[BlackElo "2257"]
[Result "1-0"]
[Round "10"]
[TimeControl "180+2"]
[Date "2023.01.31"]
[WhiteClock "0:01:16"]
[BlackClock "0:00:02"]

1. c4 g6 2. d4 Bg7 3. e4 c5 4. d5 e6 5. Bd3 exd5 6. cxd5 d6 7. Nf3 Nf6 8. O-O O-O 9. Nc3 a6 10. a4 Nfd7 11. Bf4 Qe7 12. h3 Ne5 13. Be2 Nbd7 14. Nd2 f5 15. exf5 Rxf5 16. Bh2 Rb8 17. Nde4 Nf6 18. Qc2 Nxe4 19. Nxe4 b5 20. axb5 axb5 21. Rae1 Qf8 22. Bg4 b4 23. Qe2 c4 24. Bxf5 Bxf5 25. Bxe5 Bxe5 26. Qxc4 Bxb2 27. Rb1 Bxe4 28. Qxe4 Bc3 29. Rbd1 Re8 30. Qc4 Qf5 31. Rd3 Re5 32. Rf3 Qd7 33. Qa6 Kg7 34. Qa8 Re8 35. Qa6 Re5 36. Rd1 Rf5 37. Rdd3 Re5 38. Rde3 Bd4 39. Qa8 Qe7 40. Rxe5 Bxe5 41. g3 Bd4 42. Kg2 Bc5 43. Qc8 h5 44. Qe6 Qxe6 45. dxe6 d5 46. Rf7+ Kg8 47. Rc7 Bd6 48. Rd7 1-0


[Site "https://www.chess.com"]

[Event "Titled Tuesday Blitz January 31 Early 2023"]
[White "Makhnev, Denis"]
[Black "Ioannidis, Evgenios"]
[WhiteFideId "13707647"]
[BlackFideId "4229274"]
[WhiteElo "2483"]
[BlackElo "2467"]
[Result "1-0"]
[Round "10"]
[TimeControl "180+2"]
[Date "2023.01.31"]
[WhiteClock "0:01:12"]
[BlackClock "0:00:02"]

1. d4 Nf6 2. c4 e6 3. Nf3 d5 4. Nc3 c6 5. Bg5 Nbd7 6. e3 Qa5 7. Nd2 Bb4 8. Qc2 h6 9. Bh4 c5 10. a3 cxd4 11. exd4 Bxc3 12. bxc3 b6 13. Bd3 Ba6 14. a4 dxc4 15. Nxc4 Qd5 16. Ne3 Qb7 17. c4 O-O 18. O-O Rac8 19. Qb2 Qc6 20. Rfc1 Rfe8 21. a5 Bb7 22. f3 e5 23. d5 Qc5 24. Bf2 e4 25. Nf5 e3 26. Be1 Ne5 27. Be2 Rb8 28. Bb4 Qc7 29. Bd6 Qc8 30. Nxh6+ gxh6 31. Bxe5 Nh5 32. axb6 axb6 33. Qd4 Ra8 34. Rxa8 Qxa8 35. Qg4+ Kf8 36. Qxh5 Qa3 37. Qxh6+ Ke7 1-0


[Site "https://www.chess.com"]